 Dungeon Crawl Stone Soup version 0.25-a0-253-g6f1b5d974a (webtiles) character file.

Game seed: 2211650569034394062, levelgen mode: deterministic

102 Gargoyl the Skirmisher (level 4, -3/39 HPs)
             Began as a Centaur Abyssal Knight on Dec 5, 2019.
             Was a Follower of Lugonu.
             Slain by Menkaure (13 damage)
             ... on level 2 of the Dungeon.
             The game lasted 00:02:50 (1794 turns).

Gargoyl the Skirmisher (Centaur Abyssal Knight)     Turns: 1794, Time: 00:02:51

Health: -3/39      AC:  7    Str: 14    XL:     4   Next: 50%
Magic:  5/6        EV:  4    Int: 11    God:    Lugonu [*.....]
Gold:   52         SH:  0    Dex: 10    Spells: 3/3 levels left

rFire    . . .     SeeInvis .   a - +1 hand axe
rCold    . . .     Gourm    .   (no shield)
rNeg     + . .     Faith    .   h - +0 chain mail
rPois    .         Spirit   .   (no helmet)
rElec    .         Reflect  .   (no cloak)
rCorr    .         Harm     .   (no gloves)
MR       .....                  (no barding)
Stlth    ..........             (no amulet)
HPRegen  0.13/turn              d - ring of positive energy
MPRegen  0.10/turn              (no ring)

@: hasted, very quick
A: large, hooves 3, deformed body, speed 2, tough skin 3
a: Depart the Abyss, Renounce Religion


You were on level 2 of the Dungeon.
You worshipped Lugonu.
Lugonu was aware of your devotion.
You were not hungry.

You visited 1 branch of the dungeon, and saw 2 of its levels.
You visited the Abyss 1 time.

You collected 52 gold pieces.

Inventory:

Hand Weapons
 a - a +1 hand axe (weapon)
Armour
 b - a +0 leather armour
 h - a +0 chain mail (worn)
Jewellery
 d - a ring of positive energy (left hand)
Scrolls
 i - a scroll of identify
 j - 2 scrolls of remove curse
Comestibles
 c - 3 rations


   Skills:
 + Level 3.6 Fighting
 + Level 2.4 Axes
 * Level 2.3 Armour
 * Level 1.2 Dodging
 * Level 2.7 Invocations


You had 3 spell levels left.
You didn't know any spells.
Your spell library was empty.

Dungeon Overview and Level Annotations

Branches:
Dungeon (2/15)

Altars:
Kikubaaqudgha
Ru
Yredelemnul

Annotations:
D:2 1 transporter, Menkaure


Innate Abilities, Weirdness & Mutations

You have hooves in place of feet.
Armour fits poorly on your strangely shaped body.
You cover ground very quickly.
You have extremely tough skin. (AC +3)


Message History

Menkaure is severely damaged.
You hit the adder skeleton. Menkaure barely misses you.
The adder skeleton bites you but does no damage.
Unknown command.
You barely miss Menkaure.
Menkaure is severely damaged.
The jackal barks!
You hit the adder skeleton.
You destroy the adder skeleton!
Lugonu accepts your kill. Menkaure hits you.
* * * LOW HITPOINT WARNING * * *
The jackal barks!
You hit Menkaure. Your kick misses Menkaure.
Menkaure is almost destroyed.
Unknown command.
You completely miss Menkaure.
Menkaure is almost destroyed.
Menkaure hits you!
You die...

#.#############.# #..
#.#©=$_[⌠:_$|.#.# #.#
#.#...........#.#
###.#
#.#..##...##..#.#
#....
#.#..#8...8#..#.#
#.#.#
#.#..##...##..#.#
#.#.#
#.#.)...©.....#.# #
#.# #.#$.##[..##..#.
... #.#..#8@..8#..#.
### #.#..##.M.##..#. #
..#####.#...........#.
#
........#...........#.
).
...####.#############$
## #..h.hKg©.......
...K...s.###...######
..........###.##
...###.#..# ..#


You could see Menkaure, 2 jackals, a giant cockroach, a goblin and a kobold.

Vanquished Creatures
  A worker ant (D:2)
  2 adders (D:2)
  An ooze (D:2)
  An adder skeleton (D:2)
  An adder zombie (D:2)
  3 dart slugs (D:1)
  A leopard gecko (D:1)
  A ball python (D:1)
  3 bats
  4 giant cockroaches (D:1)
  2 goblins (D:1)
  5 hobgoblins
  8 jackals
  4 frilled lizards
  3 kobolds (D:1)
  4 rats (D:1)
44 creatures vanquished.

Notes
Turn   | Place    | Note
-------+----------+-------------------------------------------
     0 | Abyss:1  | Gargoyl the Centaur Abyssal Knight began the quest for the
                  | Orb.
     0 | Abyss:1  | Reached XP level 1. HP: 19/19 MP: 2/2
    58 | Abyss:1  | Noticed a quasit
    86 | Abyss:1  | Noticed a neqoxec
    89 | Abyss:1  | Noticed a small abomination
   149 | Abyss:1  | Noticed a starcursed mass
   151 | D:1      | Escaped the Abyss
   466 | D:1      | Reached XP level 2. HP: 16/26 MP: 3/3
   728 | D:1      | Reached * piety under Lugonu
   728 | D:1      | Reached skill level 1 in Dodging
   883 | D:1      | Reached XP level 3. HP: 28/31 MP: 4/4
  1278 | D:2      | Found a sacrificial altar of Ru.
  1294 | D:2      | Reached XP level 4. HP: 25/38 MP: 5/5
  1728 | D:2      | Found a basalt altar of Yredelemnul.
  1729 | D:2      | Noticed Menkaure
  1730 | D:2      | Found an ancient bone altar of Kikubaaqudgha.
  1744 | D:2      | Found a transporter.
  1763 | D:2      | Found a transporter.
  1794 | D:2      | Slain by Menkaure

Levels and vault maps discovered:
D:1:      minmay_arrival_wavy_path, layout_basic, minmay_misc_feat_pillars
D:2:      layout_loops_ring, gammafunk_temple_of_torment, first_ration,
          nicolae_ru_awakened_eye

Skill      XL: |  1  2  3 |
---------------+----------+-----
Dodging        | 1 |  1.2
Axes           | 2 |  2.4
Armour         | 2 |  2.3
Fighting       | |  3.6
Invocations    | |  2.7

Action                   |  1- 3 |  4- 6 || total
-------------------------+-------+-------++-------
Melee: Hand axe          |    92 |    40 ||   132
       Kick              |    17 |     9 ||    26
Invok: Depart the Abyss  |     1 |       ||     1
  Use: Potion            |     1 |     2 ||     3
       Scroll            |       |     4 ||     4
  Eat: Chunk             |     1 |     1 ||     2
Armor: Chain mail        |    70 |    57 ||   127
       Leather armour    |     2 |       ||     2
Dodge: Dodged            |    29 |    14 ||    43

Table legend:
 A = Non-vault XP
 B = Vault XP
 C = Vault XP percentage of total XP
 D = Non-vault monster count
 E = Vault monster count
 F = Vault count percentage of total count
                 A         B        C        D         E       F
            +---------+---------+-------+---------+---------+-------
      Total |     137 |      10 |   6.8 |      42 |       2 |   4.5
            +---------+---------+-------+---------+---------+-------
        D:1 |      56 |       0 |   0.0 |      29 |       0 |   0.0
        D:2 |      81 |      10 |  11.0 |      13 |       2 |  13.3
            +---------+---------+-------+---------+---------+-------
